 Dungeon Crawl Stone Soup version 0.29.1-15-g9cfb28693d (webtiles) character file.

Game seed: 2426806994856224704

1653 101zpm the Magician (level 9, -25/61 HPs)
             Began as a Djinni Transmuter on Mar 7, 2023.
             Killed from afar by a gargoyle (28 damage)
             ... with a stone arrow
             ... on level 6 of the Dungeon.
             The game lasted 00:23:08 (6233 turns).

101zpm the Magician (Djinni Transmuter)             Turns: 6233, Time: 00:23:09

Health: -25/61     AC:  5    Str:  9    XL:     9   Next: 19%
Gold:   308        EV: 14    Int: 20    God:
                   SH:  0    Dex: 19

rFire   + + .      SeeInvis .   r - +2 falchion
rCold   x . .      Faith    .   (no shield)
rNeg    . . .      Spirit   .   o - +2 robe of the Dragon {rPois Regen+ Dex+6}
rPois   ∞          Reflect  .   (helmet currently unavailable)
rElec   .          Harm     .   (no cloak)
rCorr   .          Rampage  .   l - +0 pair of gloves
Will    .....                   (boots unavailable)
Stlth   ++........              (no amulet)
HPRegen 1.00/turn               (no ring)
MPRegen 0.00/turn               (no ring)

@: appendages, wereblooded, flying, very slightly contaminated
A: horns 2, flying, sickness immunity, fire resistance 2, cold vulnerability 1,
float, innate caster, HP casting, extra vitality 1
a: End Transformation


You were on level 6 of the Dungeon.
You had temporarily grown beastly horns.
You visited 1 branch of the dungeon, and saw 8 of its levels.

You collected 308 gold pieces.

Inventory:

Hand Weapons
 e - a +0 rapier
 r - a +2 falchion (weapon)
Missiles
 x - 12 poisoned darts
 y - 6 silver javelins (quivered)
 z - 3 boomerangs
Armour
 a - a +0 robe
 k - a +0 helmet (melded)
 l - a +0 pair of gloves (worn)
 o - the +2 robe of the Dragon (worn) {rPois Regen+ Dex+6}
   (You found it on level 2 of the Dungeon)

   Dex:       It affects your dexterity (+6).
   rPois:     It protects you from poison.
   Regen:     It increases your rate of health regeneration.
Jewellery
 v - a +4 ring of protection
 E - a +4 ring of evasion
Wands
 n - a wand of light (8)
Scrolls
 c - a scroll of noise
 d - 3 scrolls of amnesia
 h - 2 scrolls of vulnerability
 i - 2 scrolls of poison
 m - 4 scrolls of teleportation
 t - a scroll of identify
 w - a scroll of fear
 D - a scroll of enchant weapon {unknown}
 F - a scroll of summoning {unknown}
Potions
 b - 4 potions of lignification
 f - 3 potions of curing {unknown}
 g - 3 potions of heal wounds {unknown}
 j - 5 potions of haste {unknown}
 p - a potion of brilliance {unknown}
 q - 4 potions of mutation {unknown}
 s - a potion of flight {unknown}
 u - a potion of invisibility {unknown}
 A - a potion of ambrosia {unknown}
 B - a potion of resistance {unknown}
 C - a potion of attraction {unknown}


   Skills:
 + Level 3.4 Fighting
 + Level 2.5(4.0) Short Blades
 + Level 4.7(5.1) Long Blades
 + Level 0.5 Throwing
 + Level 4.6 Dodging
 + Level 2.3 Stealth
 + Level 3.6 Unarmed Combat
 + Level 5.1 Spellcasting


You couldn't memorise any spells.
You knew the following spells:

 Your Spells              Type           Power      Damage    Failure   Level
a - Beastly Appendage     Tmut           50%        N/A       1%          1
b - Wereblood             Tmut           25%        N/A       1%          2
c - Spider Form           Tmut/Pois      25%        N/A       4%          3
d - Ice Form              Ice/Tmut       25%        N/A       14%         4
e - Freeze                Ice            100%       1d11      1%          1
f - Ensorcelled Hibernat  Hex/Ice        50%        N/A       1%          2
g - Call Canine Familiar  Summ           25%        N/A       4%          3
h - Dazzling Flash        Conj/Hex       50%        N/A       4%          3
Your spell library was empty.

Dungeon Overview and Level Annotations

Branches:
Dungeon (8/15)             Temple (0/1) D:6
   Lair: D:8-11

Altars:
Dithmenos
Fedhas
Gozag
Trog

Annotations:
D:3 1 runed translucent door, exclusion: statue, Voldus's ghost, novice GrFi


Innate Abilities, Weirdness & Mutations

You have temporarily grown beastly horns.
You are flying.
You are immune to sickness and miasma.
You are immune to poison.
Your flesh is very heat resistant. (rF++)
You are vulnerable to cold. (rC-)
You float through the air rather than walking.
You learn spells naturally, not from books.
Your magical power is your life essence.
You have superior vitality. (+4 MHP)


Message History

Your blood is infused with primal strength.
Casting: Wereblood (safe; 1% risk of failure)
Confirm with . or Enter, or press ? or * to list all spells.
What are your orders? t - Howl!
Orders for allies: a - Attack new target. r - Retreat! s - Stop attacking. g - Guard the area. f - Follow me.
Anything else - Cancel.
Gang up on whom?
Press: ? - help, Dir - move target, f - gargoyle
Aim: a gargoyle, wielding a +0 morningstar (dormant, ally target) Attack!
Your hound bites the gargoyle but does no damage.
Your hound bites the gargoyle but does no damage.
The gargoyle misses your hound.
Your hound bites the gargoyle but does no damage.
You swap places.
The gargoyle hits you with a +0 morningstar!!
You hit the gargoyle but do no damage.
The gargoyle hits you with a +0 morningstar!
You are too injured to fight recklessly!
You are too injured to fight recklessly!
You swap places.
The gargoyle hurls a stone arrow at you.
The stone arrow hits your hound!
Your hound dies!
Your hound's corpse disappears in a puff of smoke!
Casting: Call Canine Familiar (dangerous; 4% risk of failure)
Confirm with . or Enter, or press ? or * to list all spells.
You miscast Call Canine Familiar.
You are very lightly contaminated with residual magic.
Nothing appears to happen.
Casting: Call Canine Familiar (dangerous; 4% risk of failure)
Confirm with . or Enter, or press ? or * to list all spells.
The gargoyle hits you with a +0 morningstar!!
* * * LOW HITPOINT WARNING * * *
The gargoyle hurls a stone arrow at you.
The stone arrow hits you!!
You die...

######### ## #.......####..
###............#####
.##.......####.#...#
..........# #.h.#.##
##........# #.@.9.###
##.###.########.#.#...#
................#.###...#
######.###.....##.$.###.....
#...####..#..... #.#.
###..#...##..>.. ..
#.#.#........# #
#########.#...###...##.
....[...........###.#


You could see a gargoyle (ally target) and a friendly hound (summoned).

Vanquished Creatures
  A steam dragon (D:7)
  A water moccasin (D:6)
  A sky beast (D:7)
  An ogre (D:7)
  2 centaurs (D:7)
  2 phantoms
  A kobold brigand (D:7)
  A bullfrog (D:7)
  A scorpion (D:5)
  2 hounds
  A jelly (D:7)
  Terence (D:3)
  3 iguanas
  2 orc wizards (D:3)
  A nameless horror (D:7)
  A gnoll (D:3)
  8 adders
  A white imp (D:3)
  3 worms
  10 dart slugs
  11 orcs
  13 endoplasms
  4 giant cockroaches (D:1)
  5 goblins
  8 hobgoblins
  4 jackals
  9 quokkas
  4 ball pythons
  3 bats
  3 frilled lizards
  6 kobolds
  4 rats
118 creatures vanquished.

Vanquished Creatures (collateral kills)
  Menkaure (D:7)
  An ogre (D:4)
  2 jellies (D:5)
  An adder (D:5)
5 creatures vanquished.

Grand Total: 123 creatures vanquished

Notes
Turn   | Place    | Note
-------+----------+-------------------------------------------
     0 | D:1      | 101zpm the Djinni Transmuter began the quest for the Orb.
     0 | D:1      | 101zpm set off with the following spells memorised: Beastly
                  | Appendage, Wereblood, Spider Form, Ice Form.
     0 | D:1      | Reached XP level 1. HP: 17/17 MP: 0/0
   526 | D:1      | Reached XP level 2. HP: 19/22 MP: 0/0
   917 | D:1      | Reached XP level 3. HP: 26/27 MP: 0/0
   917 | D:1      | Learned a level 1 spell: Freeze
  1064 | D:1      | Found a faded altar of an unknown god.
  2031 | D:2      | Identified the +2 robe of the Dragon {rPois Regen+ Dex+6}
  2150 | D:2      | Reached skill level 1 in Short Blades
  2150 | D:2      | Reached XP level 4. HP: 32/32 MP: 0/0
  2169 | D:2      | Reached skill level 2 in Spellcasting
  2760 | D:3      | Noticed Terence
  2775 | D:3      | Killed Terence
  2776 | D:3      | Reached skill level 1 in Stealth
  2776 | D:3      | Reached XP level 5. HP: 33/37 MP: 0/0
  2776 | D:3      | Learned a level 2 spell: Ensorcelled Hibernation
  2871 | D:3      | Found a glowing drain.
  2920 | D:3      | Reached XP level 6. HP: 42/42 MP: 0/0
  3202 | D:3      | Found a blossoming altar of Fedhas.
  3241 | D:3      | Found a runed translucent door.
  3247 | D:3      | Noticed Voldus's ghost (novice GrFi)
  3333 | D:3      | Found a bloodstained altar of Trog.
  3874 | D:4      | Noticed an ogre
  4003 | D:4      | Reached skill level 1 in Long Blades
  4394 | D:5      | Entered Level 5 of the Dungeon
  4488 | D:5      | Reached XP level 7. HP: 44/48 MP: 0/0
  4488 | D:5      | Learned a level 3 spell: Call Canine Familiar
  4514 | D:5      | Reached skill level 3 in Spellcasting
  5216 | D:6      | Noticed a water moccasin
  5228 | D:6      | Killed a water moccasin
  5229 | D:6      | Reached XP level 8. HP: 48/55 MP: 0/0
  5278 | D:6      | Found an opulent altar of Gozag.
  5386 | D:8      | Noticed a yak
  5386 | D:8      | Noticed a yak
  5386 | D:8      | Noticed a yak
  5386 | D:8      | Noticed a yak
  5418 | D:7      | Reached skill level 4 in Spellcasting
  5515 | D:7      | Noticed Menkaure
  5521 | D:7      | Killed Menkaure
  5756 | D:7      | Reached skill level 5 in Spellcasting
  5756 | D:7      | Reached XP level 9. HP: 36/61 MP: 0/0
  5756 | D:7      | Learned a level 3 spell: Dazzling Flash
  5969 | D:7      | Found a shadowy altar of Dithmenos.
  6210 | D:6      | Found a staircase to the Ecumenical Temple.
  6218 | D:6      | Noticed a gargoyle
  6232 | D:6      | HP: 2/61 [gargoyle/+0 morningstar (22)]
  6233 | D:6      | Killed from afar by a gargoyle

Illustrated notes

Levels and vault maps discovered:
D:1:      dpeg_arrival_rhombi, layout_basic, nicolae_ecumenical_lake_church,
          minmay_split_cup_small
D:2:      layout_basic
D:3:      kennysheep_slugbush, layout_basic,
          nzn_overflow_gifts_of_might_and_magic, vehumet_statue,
          general_overflow_altar, portal_sewer_entry_f, ebering_ghost_sewer_d,
          uniq_terence
D:4:      layout_basic
D:5:      layout_basic, nicolae_kite_square_tiling_tiny
D:6:      layout_rooms, grunt_gozag_breadcrumbs, minmay_temple_entry_slanted
D:7:      layout_loops_ring, grunt_dithmenos_shadows, serial_park_tiny_pond,
          uniq_menkaure
D:8:      layout_cave_pools, pdpol_wu_jian_five_deadly_venoms, uniq_joseph

Skill      XL: |  1  2  3  4  5  6  7  8 |
---------------+-------------------------+-----
Short Blades   | 1 2 |  2.5
Spellcasting   | 2 3 5 |  5.1
Stealth        | 1 2 |  2.3
Dodging        | 3 4 |  4.6
Long Blades    | 1 2 4 |  4.7
Fighting       | 2 3 |  3.4
Throwing       | |  0.5
Unarmed Combat | |  3.6

Action                   |  1- 3 |  4- 6 |  7- 9 || total
-------------------------+-------+-------+-------++-------
Melee: Unarmed           |    14 |       |       ||    14
       Rapier            |    73 |   131 |       ||   204
       Headbutt          |    13 |    35 |    27 ||    75
       Punch             |       |    11 |     3 ||    14
       Falchion          |       |    84 |   130 ||   214
Throw: Javelin           |       |       |     5 ||     5
 Cast: Beastly Appendage |    25 |    40 |    21 ||    86
       Wereblood         |       |     4 |    12 ||    16
       Ensorcelled Hiber |       |     1 |     3 ||     4
       Call Canine Famil |       |       |    15 ||    15
       Freeze            |       |       |     1 ||     1
  Use: Scroll            |       |     2 |     4 ||     6
 Stab: Sleeping          |     3 |     4 |     5 ||    12
       Distracted        |       |       |     1 ||     1
Armor: Robe              |    14 |    58 |    23 ||    95
Dodge: Dodged            |    71 |   172 |   101 ||   344
